| TOP OF THE 1ST |
|
Atlanta Braves batting - Pitching for New York Mets : LHP Lewis Thorpe Jr.
|
|
Pitching: LHP Lewis Thorpe Jr.
|
|
|
Batting: RHB Reilly Hawkins
|
0-0: Ball 1-0: Swinging Strike 1-1: Ball 2-1: Ground out U3 (Groundball, 34S, EV 82.5 MPH)
|
|
Batting: RHB Itsuo Egami
|
0-0: Ball 1-0: Called Strike 1-1: Ball 2-1: Swinging Strike 2-2: Ball 3-2: Foul Ball, location: 2F 3-2: Strikes out looking
|
|
Batting: RHB Jeckel Hester
|
0-0: Foul Ball, location: 2F 0-1: Ball 1-1: Called Strike 1-2: Ball 2-2: Strikes out looking
|
| Top of the 1st over - 0 runs, 0 hits, 0 errors, 0 left on base; Atlanta 0 - New York 0 |
| BOTTOM OF THE 1ST |
|
New York Mets batting - Pitching for Atlanta Braves : LHP Joe Testa
|
|
Pitching: LHP Joe Testa
|
|
|
Batting: SHB Javy Rosa
|
0-0: Ball 1-0: Called Strike 1-1: Foul Ball, location: 2F 1-2: Ball 2-2: Ground out 6-3 (Groundball, 6, EV 83.8 MPH)
|
|
Batting: SHB Scott Scott
|
0-0: Ball 1-0: Foul Ball, location: 2F 1-1: Ground out 5-3 (Groundball, 5, EV 87.5 MPH)
|
|
Batting: SHB Nelle van den Berg
|
0-0: Called Strike 0-1: Foul Ball, location: 2F 0-2: Ball 1-2: Ball 2-2: Fly out, F9 (Flyball, 9LM, EV 84.4 MPH)
|
| Bottom of the 1st over - 0 runs, 0 hits, 0 errors, 0 left on base; Atlanta 0 - New York 0 |
| TOP OF THE 2ND |
|
Atlanta Braves batting - Pitching for New York Mets : LHP Lewis Thorpe Jr.
|
|
Batting: RHB Butch Kaiser
|
0-0: Foul Ball, location: 2F 0-1: TRIPLE (Flyball, 89XD, EV 92.5 MPH)
|
|
Batting: RHB Liangde Li
|
0-0: Swinging Strike 0-1: Ball 1-1: Swinging Strike 1-2: Strikes out swinging
|
|
Batting: RHB Kanehisa Kubo
|
0-0: Called Strike 0-1: Foul Ball, location: 2RF, Error on foul ball, E2 0-2: Ball 1-2: Ball 2-2: Strikes out swinging
|
|
Batting: RHB Tom Beckman
|
0-0: Foul Ball, location: 2F 0-1: SINGLE (Groundball, 4S, EV 61.3 MPH) (infield hit) Butch Kaiser scores
|
|
Batting: LHB Zack Berney
|
0-0: Ball 1-0: SINGLE (Groundball, 34S, EV 85.6 MPH) (infield hit) Tom Beckman to second
|
|
Batting: LHB Colin Worthington
|
0-0: Fielders Choice at 2nd, 5-4 (Groundball, 5L, EV 83.1 MPH)
|
| Top of the 2nd over - 1 run, 3 hits, 1 error, 2 left on base; Atlanta 1 - New York 0 |
| BOTTOM OF THE 2ND |
|
New York Mets batting - Pitching for Atlanta Braves : LHP Joe Testa
|
|
Batting: SHB Sean Cook
|
0-0: Fly out, F4 (Popup, 3S, EV 80.6 MPH)
|
|
Batting: SHB Gus Berry
|
0-0: Called Strike 0-1: Ball 1-1: Foul Ball, location: 2F 1-2: Ball 2-2: Fly out, F7 (Line Drive, 7, EV 104.4 MPH)
|
|
Batting: RHB Jeff Jank
|
0-0: Ball 1-0: Fly out, F8 (Flyball, 8RD, EV 104.4 MPH)
|
| Bottom of the 2nd over - 0 runs, 0 hits, 0 errors, 0 left on base; Atlanta 1 - New York 0 |
| TOP OF THE 3RD |
|
Atlanta Braves batting - Pitching for New York Mets : LHP Lewis Thorpe Jr.
|
|
Batting: RHB Reilly Hawkins
|
0-0: Ground out 4-3 (Groundball, 34, EV 85.0 MPH)
|
|
Batting: RHB Itsuo Egami
|
0-0: Called Strike 0-1: Swinging Strike 0-2: Ball 1-2: Ball 2-2: Foul Ball, location: 2F 2-2: Foul Ball, location: 2F 2-2: Foul Ball, location: 2F 2-2: Ball 3-2: Strikes out looking
|
|
Batting: RHB Jeckel Hester
|
0-0: Called Strike 0-1: Ball 1-1: Ball 2-1: Swinging Strike 2-2: Strikes out swinging
|
| Top of the 3rd over - 0 runs, 0 hits, 0 errors, 0 left on base; Atlanta 1 - New York 0 |
| BOTTOM OF THE 3RD |
|
New York Mets batting - Pitching for Atlanta Braves : LHP Joe Testa
|
|
Batting: RHB Melchor Sovrivilla
|
0-0: Ball 1-0: Fly out, F8 (Flyball, 89D, EV 104.4 MPH)
|
|
Batting: SHB Kaname Fujimoto
|
0-0: Swinging Strike 0-1: Foul Ball, location: 2F 0-2: Ball 1-2: Foul Ball, location: 2F 1-2: Fly out, F8 (Flyball, 8RS, EV 84.4 MPH)
|
|
Batting: SHB Scott Bartholomew
|
0-0: Called Strike 0-1: Ball 1-1: Ball 2-1: Ground out 4-3 (Groundball, 34D, EV 100.6 MPH)
|
| Bottom of the 3rd over - 0 runs, 0 hits, 0 errors, 0 left on base; Atlanta 1 - New York 0 |
| TOP OF THE 4TH |
|
Atlanta Braves batting - Pitching for New York Mets : LHP Lewis Thorpe Jr.
|
|
Batting: RHB Butch Kaiser
|
0-0: Ground out 5-3 (Groundball, 56S, EV 78.1 MPH)
|
|
Batting: RHB Liangde Li
|
0-0: Called Strike 0-1: Ball 1-1: Ball 2-1: Ground out 5-3 (Groundball, 56S, EV 85.0 MPH)
|
|
Batting: RHB Kanehisa Kubo
|
0-0: Called Strike 0-1: Ball 1-1: Ball 2-1: Called Strike 2-2: Foul Ball, location: 2F 2-2: Ball 3-2: Base on Balls
|
|
Batting: RHB Tom Beckman
|
0-0: Ball 1-0: Foul Ball, location: 2F 1-1: Hit by Pitch Kanehisa Kubo to second
|
|
Batting: LHB Zack Berney
|
0-0: Ball 1-0: Ball 2-0: Fielders Choice at 2nd, U4 (Groundball, 4M, EV 97.5 MPH)
|
| Top of the 4th over - 0 runs, 0 hits, 0 errors, 2 left on base; Atlanta 1 - New York 0 |
| BOTTOM OF THE 4TH |
|
New York Mets batting - Pitching for Atlanta Braves : LHP Joe Testa
|
|
Batting: SHB Javy Rosa
|
0-0: Called Strike 0-1: Ball 1-1: Reaches on Catchers interference
|
|
Batting: SHB Scott Scott
|
0-0: TRIPLE (Flyball, 8RXD, EV 90.6 MPH) Javy Rosa scores
|
|
Batting: SHB Nelle van den Berg
|
0-0: Ball 1-0: Ground out 1-3 (Groundball, 13S, EV 69.4 MPH)
|
|
Batting: SHB Sean Cook
|
0-0: Called Strike 0-1: Ball 1-1: Ball 2-1: 2-RUN HOME RUN (Flyball, 8LXD, EV 110.0 MPH), Distance : 439 ft
|
|
Batting: SHB Gus Berry
|
0-0: Ball 1-0: Swinging Strike 1-1: Ball 2-1: Fly out, F3 (Popup, 3SF, EV 74.4 MPH)
|
|
Batting: RHB Jeff Jank
|
0-0: Called Strike 0-1: Foul Ball, location: 2F 0-2: Ball 1-2: Foul Ball, location: 2F 1-2: Ball 2-2: SOLO HOME RUN (Flyball, 7D, EV 95.0 MPH), Distance : 355 ft
|
|
Batting: RHB Melchor Sovrivilla
|
0-0: Ball 1-0: Foul Ball, location: 2F 1-1: Swinging Strike 1-2: Strikes out swinging
|
| Bottom of the 4th over - 4 runs, 3 hits, 1 error, 0 left on base; Atlanta 1 - New York 4 |
| TOP OF THE 5TH |
|
Atlanta Braves batting - Pitching for New York Mets : LHP Lewis Thorpe Jr.
|
|
Batting: LHB Colin Worthington
|
0-0: Called Strike 0-1: Ball 1-1: Called Strike 1-2: Strikes out swinging
|
|
Batting: RHB Reilly Hawkins
|
0-0: Ball 1-0: Called Strike 1-1: Ball 2-1: SINGLE (Line Drive, 89S, EV 106.9 MPH)
|
|
Batting: RHB Itsuo Egami
|
0-0: Ball 1-0: Called Strike 1-1: Ball 2-1: Ball 3-1: Foul Ball, location: 2F 3-2: Foul Ball, location: 2F 3-2: Foul Ball, location: 2F 3-2: Strikes out looking
|
|
Batting: RHB Jeckel Hester
|
0-0: Ball 1-0: Ball 2-0: Fielders Choice at 2nd, 5-4 (Groundball, 56, EV 86.3 MPH)
|
| Top of the 5th over - 0 runs, 1 hit, 0 errors, 1 left on base; Atlanta 1 - New York 4 |
| BOTTOM OF THE 5TH |
|
New York Mets batting - Pitching for Atlanta Braves : LHP Joe Testa
|
|
Batting: SHB Kaname Fujimoto
|
0-0: Foul Ball, location: 2F 0-1: Ball 1-1: Ball 2-1: Ball 3-1: Foul Ball, location: 2F 3-2: SINGLE (Groundball, 5D, EV 105.0 MPH)
|
|
Batting: SHB Scott Bartholomew
|
0-0: Grounds into double play, 5-4-3 (Groundball, 5S, EV 77.5 MPH)
|
|
Batting: SHB Javy Rosa
|
0-0: Ball 1-0: Fly out, F7 (Flyball, 78S, EV 85.0 MPH)
|
| Bottom of the 5th over - 0 runs, 1 hit, 0 errors, 0 left on base; Atlanta 1 - New York 4 |
| TOP OF THE 6TH |
|
Atlanta Braves batting - Pitching for New York Mets : LHP Lewis Thorpe Jr.
|
|
Batting: RHB Butch Kaiser
|
0-0: Called Strike 0-1: Ball 1-1: Swinging Strike 1-2: Strikes out looking
|
|
Batting: RHB Liangde Li
|
0-0: Foul Ball, location: 2F 0-1: Foul Ball, location: 2F 0-2: Ground out 3-1 (Groundball, 34, EV 96.3 MPH)
|
|
Batting: RHB Kanehisa Kubo
|
0-0: Ball 1-0: Called Strike 1-1: SINGLE (Groundball, 56S, EV 69.4 MPH) (infield hit)
|
|
Batting: RHB Tom Beckman
|
0-0: Ball 1-0: Called Strike 1-1: Ball 2-1: SINGLE (Groundball, 34D, EV 94.4 MPH) Kanehisa Kubo to second Runner from 2nd tries for 3rd, SAFE, throw by RF made to third
|
|
Batting: LHB Zack Berney
|
0-0: Fly out, F5 (Popup, 5F, EV 61.9 MPH)
|
| Top of the 6th over - 0 runs, 2 hits, 0 errors, 2 left on base; Atlanta 1 - New York 4 |
| BOTTOM OF THE 6TH |
|
New York Mets batting - Pitching for Atlanta Braves : LHP Joe Testa
|
|
Batting: SHB Scott Scott
|
0-0: Foul Ball, location: 2F 0-1: Ball 1-1: Ball 2-1: Foul Ball, location: 2F 2-2: Ground out 6-3 (Groundball, 6S, EV 90.0 MPH)
|
|
Batting: SHB Nelle van den Berg
|
0-0: Foul Ball, location: 2F 0-1: Foul Ball, location: 2F 0-2: Ball 1-2: SINGLE (Line Drive, 9S, EV 91.9 MPH)
|
|
Batting: SHB Sean Cook
|
0-0: Called Strike 0-1: Ball 1-1: Foul Ball, location: 2F 1-2: Ball Nelle van den Berg steals 2nd base 2-2: Strikes out swinging
|
|
Batting: SHB Gus Berry
|
0-0: Called Strike 0-1: Hit by Pitch
|
|
Batting: RHB Jeff Jank
|
0-0: Ball 1-0: Reached on error, E3 (Groundball, 3S, EV 86.9 MPH) Nelle van den Berg to third Gus Berry to second
|
|
Batting: RHB Melchor Sovrivilla
|
0-0: SINGLE (Flyball, 34D, EV 91.3 MPH) Nelle van den Berg scores Gus Berry to third Jeff Jank to second Runner from 3rd tries for Home, SAFE, throw by RF to home
|
|
Pitching: RHP Mike Aguilar
|
|
|
Batting: SHB Kaname Fujimoto
|
0-0: Called Strike 0-1: Ball 1-1: Called Strike 1-2: Foul Ball, location: 2F 1-2: Ball 2-2: Foul Ball, location: 2F 2-2: Fielders Choice at 2nd, 6-4 (Groundball, 6, EV 88.8 MPH)
|
| Bottom of the 6th over - 2 runs, 2 hits, 1 error, 2 left on base; Atlanta 1 - New York 6 |
| TOP OF THE 7TH |
|
Atlanta Braves batting - Pitching for New York Mets : LHP Lewis Thorpe Jr.
|
|
Batting: LHB Colin Worthington
|
0-0: Called Strike 0-1: Ball 1-1: Called Strike 1-2: Ball 2-2: Ground out 1-3 (Groundball, 13S, EV 69.4 MPH)
|
|
Batting: RHB Reilly Hawkins
|
0-0: Called Strike 0-1: Called Strike 0-2: Strikes out looking
|
|
Batting: RHB Itsuo Egami
|
0-0: Ball 1-0: Called Strike 1-1: Ball 2-1: SINGLE (Line Drive, 78S, EV 109.4 MPH)
|
|
Pitching: RHP David Matheney
|
|
|
Batting: RHB Jeckel Hester
|
0-0: Called Strike 0-1: Foul Ball, location: 2F 0-2: Strikes out looking
|
| Top of the 7th over - 0 runs, 1 hit, 0 errors, 1 left on base; Atlanta 1 - New York 6 |
| BOTTOM OF THE 7TH |
|
New York Mets batting - Pitching for Atlanta Braves : RHP Mike Aguilar
|
|
Batting: SHB Scott Bartholomew
|
0-0: Ball 1-0: Swinging Strike 1-1: Foul Ball, location: 2F 1-2: Foul Ball, location: 2F 1-2: Strikes out swinging
|
|
Batting: SHB Javy Rosa
|
0-0: Called Strike 0-1: Ball 1-1: Foul Ball, location: 2F 1-2: DOUBLE (Line Drive, 7LM, EV 108.8 MPH)
|
|
Batting: SHB Scott Scott
|
0-0: Ball Javy Rosa steals 3rd base (no throw) 1-0: Foul Ball, location: 2F 1-1: Called Strike 1-2: Strikes out swinging
|
|
Batting: SHB Nelle van den Berg
|
0-0: Called Strike 0-1: Foul Ball, location: 2F 0-2: Foul Ball, location: 2F 0-2: Foul Ball, location: 2F 0-2: Ground out 4-3 (Groundball, 34, EV 88.1 MPH)
|
| Bottom of the 7th over - 0 runs, 1 hit, 0 errors, 1 left on base; Atlanta 1 - New York 6 |
| TOP OF THE 8TH |
|
Atlanta Braves batting - Pitching for New York Mets : RHP David Matheney
|
|
Batting: RHB Butch Kaiser
|
0-0: Foul Ball, location: 2F 0-1: Called Strike 0-2: Foul Ball, location: 2F 0-2: Strikes out swinging
|
|
Pinch Hitting: LHB Tom Best
|
0-0: Ground out U3 (Groundball, 3S, EV 71.3 MPH)
|
|
Batting: RHB Kanehisa Kubo
|
0-0: Ball 1-0: Ball 2-0: Ground out 6-3 (Groundball, 6, EV 91.9 MPH)
|
| Top of the 8th over - 0 runs, 0 hits, 0 errors, 0 left on base; Atlanta 1 - New York 6 |
| BOTTOM OF THE 8TH |
|
New York Mets batting - Pitching for Atlanta Braves : RHP Mike Aguilar
|
|
Now in CF: Tom Best
|
|
|
Batting: SHB Sean Cook
|
0-0: Called Strike 0-1: Called Strike 0-2: Strikes out swinging
|
|
Batting: SHB Gus Berry
|
0-0: Called Strike 0-1: Ball 1-1: Foul Ball, location: 2F 1-2: SINGLE (Line Drive, 4MD, EV 95.0 MPH)
|
|
Batting: RHB Jeff Jank
|
0-0: Fly out, F3 (Popup, 34S, EV 83.8 MPH)
|
|
Batting: RHB Melchor Sovrivilla
|
0-0: Ball 1-0: Fielders Choice at 2nd, 5-4 (Groundball, 56, EV 86.3 MPH)
|
| Bottom of the 8th over - 0 runs, 1 hit, 0 errors, 1 left on base; Atlanta 1 - New York 6 |
| TOP OF THE 9TH |
|
Atlanta Braves batting - Pitching for New York Mets : RHP David Matheney
|
|
Batting: RHB Tom Beckman
|
0-0: Called Strike 0-1: Ball 1-1: Swinging Strike 1-2: Ball 2-2: Strikes out swinging
|
|
Batting: LHB Zack Berney
|
0-0: Called Strike 0-1: Ball 1-1: Foul Ball, location: 2F 1-2: Foul Ball, location: 2F 1-2: Foul Ball, location: 2F 1-2: Foul Ball, location: 2F 1-2: Ball 2-2: Ball 3-2: SINGLE (Line Drive, 8RS, EV 93.1 MPH)
|
|
Batting: LHB Colin Worthington
|
0-0: Called Strike 0-1: Fielders Choice at 2nd, 6-4 (Groundball, 6M, EV 101.3 MPH)
|
|
Pinch Hitting: LHB Seth Cook
|
0-0: Called Strike 0-1: Ball 1-1: Called Strike 1-2: Ball 2-2: Ball 3-2: Foul Ball, location: 2F 3-2: Base on Balls Colin Worthington to second
|
|
Pitching: LHP Xu-gang Zhou
|
|
|
Batting: RHB Itsuo Egami
|
0-0: Called Strike 0-1: Foul Ball, location: 2F 0-2: Ball 1-2: Foul Ball, location: 2F 1-2: Strikes out swinging
|
| Top of the 9th over - 0 runs, 1 hit, 0 errors, 2 left on base; Atlanta 1 - New York 6 |
|